AoeStats
← bananin.cxs

Arabia

509721266Analyzed
1v1 RM · 5d ago on Sep 27, 2026· 43m 51s· 2 players
Game mode
Random Map
Map size
Tiny (2 player)
Population
200
Speed
Normal
Resources
Standard
Victory
Conquest
Starting age
Dark Age
Ending age
Imperial Age
RankedLock teamsTeams togetherTeam positionsShared explorationLock speedFull tech treeHidden civsTurbo modeCheats
Victory
Defeat
🇨🇱 Persians · Chile
1119
+17
🇨🇱 Danes · Chile
1138
-17
gabriel.garrido
7:36 Loom
10:00 Feudal Age
18:37 Castle Age
17:06 Double-Bit Axe
17:12 Gold Mining
18:10 Scale Barding Armor
18:51 Bloodlines
18:57 Horse Collar
20:00 Forging
22:59 Bow Saw
25:53 Wheelbarrow
25:20 Husbandry
27:48 Chain Barding Armor
28:04 Iron Casting
29:56 Town Watch
36:39 Imperial Age
36:44 Hand Cart
36:30 Town Patrol
36:46 Heavy Plow
36:22 Cavalier
38:26 Plate Barding Armor
38:51 Blast Furnace
39:06 Savar
41:31 Conscription
bananin.cxs
7:23 Loom
9:35 Feudal Age
8:00 Loom
9:59 Man-at-Arms
10:39 Double-Bit Axe
19:26 Castle Age
18:14 Horse Collar
20:33 Scale Mail Armor
22:12 Pikeman
24:58 Forging
25:25 Gold Mining
26:13 Squires
26:00 Arson
26:03 Gambesons
30:55 Chain Mail Armor
33:16 Iron Casting
34:10 Bow Saw
36:16 Sanctity
36:10 Redemption
38:52 Imperial Age
37:57 Fletching
41:27 Plate Mail Armor
41:58 Blast Furnace
41:33 Halberdier
Connection lost

Rejoining the realm…

Still unreachable

The connection could not be restored.

Session expired

The server has moved on; the page needs a fresh start.